 Dungeon Crawl Stone Soup version 0.23.1 (webtiles) character file.

Game seed: 15815629894128949495

3441 Norn the Spear-Bearer (level 10, -2/79 (80) HPs)
             Began as a Merfolk Skald on Mar 10, 2019.
             Was a Follower of Ashenzari.
             Slain by Pikel
             ... wielding a +2 whip of freezing
              (4 damage)
             ... on level 7 of the Dungeon.
             The game lasted 00:23:00 (9463 turns).

Norn the Spear-Bearer (Merfolk Skald)               Turns: 9463, Time: 00:23:00

HP:   -2/79 (80)    AC:  5    Str: 11    XL:     10   Next: 5%
MP:   10/13         EV: 17    Int: 16    God:    Ashenzari [*.....]
Gold: 840           SH:  3    Dex: 14    Spells: 5/13 levels left

rFire    . . .     SeeInvis .   B - +0 demon trident (vamp) {!w}
rCold    . . .     Gourm    .   v - +0 buckler
rNeg     . . .     Faith    .   b - +0 leather armour
rPois    .         Spirit   .   (no helmet)
rElec    .         Reflect  .   (no cloak)
rCorr    .         Harm     .   u - +0 pair of gloves
MR       .....                  w - +0 pair of boots
Stlth    +.........             (no amulet)
HPRegen  0.23/turn              (no ring)
MPRegen  0.13/turn              (no ring)

@: no status effects
A: change form in water, swift swim, stealthy swim
a: Curse Item, Scrying, Renounce Religion


You were on level 7 of the Dungeon.
You worshipped Ashenzari.
Ashenzari was aware of your devotion.
You were not hungry.

You visited 2 branches of the dungeon, and saw 8 of its levels.
You also visited: Bailey.

You collected 1236 gold pieces.
You spent 396 gold pieces at shops.

Inventory:

Hand Weapons
 a - a +0 spear
 f - the cursed +0 war axe "Sexzeh" {freeze, +Rage MP+9 Str+2}
   (You found it in a bailey)

   It has been specially enchanted to freeze those struck by it, causing extra
   injury to most foes and up to half again as much damage against particularly
   susceptible opponents.
   It can also slow down cold-blooded creatures.
   It affects your strength (+2).
   It affects your magic capacity (+9).
   It lets you go berserk.
   It has a curse placed upon it.
 o - the +8 spear of the End {pierce, Int+4}
   (You found it in a bailey)

   It inflicts extra damage upon your enemies.
   It affects your intelligence (+4).
 A - a +1 trident
   (You found it on level 6 of the Dungeon)
 B - a +0 vampiric demon trident (weapon) {!w}
   (You bought it in a shop on level 7 of the Dungeon)
Missiles
 i - 6 throwing nets (quivered) {!f}
 q - 36 poisoned needles
Armour
 b - a +0 leather armour (worn)
 s - a +2 large shield
   (You found it on level 5 of the Dungeon)
 u - a +0 pair of gloves (worn)
   (You found it on level 5 of the Dungeon)
 v - a +0 buckler (worn)
   (You found it on level 1 of the Dungeon)
 w - a +0 pair of boots (worn)
   (You found it on level 5 of the Dungeon)
Wands
 d - a wand of iceblast (9)
   (You took it off Harold on level 7 of the Dungeon)
 x - a wand of acid (6)
   (You found it on level 3 of the Dungeon)
Scrolls
 g - 6 scrolls of amnesia
 l - a scroll of immolation {unknown}
 m - 3 scrolls of remove curse {@r2}
 t - a scroll of teleportation {@r4}
 y - 2 scrolls of identify {@r1}
Potions
 c - a potion of agility {unknown}
 h - 2 potions of might
 j - a potion of lignification {!q}
 k - a potion of haste {@q3}
 n - 2 potions of degeneration {!q}
 r - a potion of berserk rage
 z - a potion of heal wounds {unknown}
 C - a potion of brilliance {unknown}
Comestibles
 e - 11 rations {!d}


   Skills:
 + Level 8.3 Fighting
 - Level 14.1 Polearms
 - Level 0.6 Armour
 + Level 9.9 Dodging
 - Level 2.0 Spellcasting
 + Level 6.2 Hexes
 - Level 5.0 Charms
 + Level 0.8 Evocations


You had 5 spell levels left.
You knew the following spells:

 Your Spells              Type           Power        Failure   Level  Hunger
a - Infusion              Chrm           ###.         6%          1    #......
q - Shroud of Golubria    Chrm/Tloc      #.........   24%         2    ###....
t - Spectral Weapon       Hex/Chrm       ###.....     14%         3    ###....
w - Song of Slaying       Chrm           ###.....     9%          2    ###....

Your spell library contained the following spells:

 Spells                   Type           Power        Failure   Level  Hunger
 Confusing Touch          Hex            ###...       3%          1    #......
 Corona                   Hex            ###....      3%          1    #......
 Confuse                  Hex            ###.....     11%         3    ###....
 Tukima's Dance           Hex            ###.....     11%         3    ###....
 Ensorcelled Hibernation  Hex/Ice        ##....       19%         2    ###....
 Dazzling Spray           Conj/Hex       ##....       36%         3    ###....
 Animate Skeleton         Necr           N/A          41%         1    #......
 Apportation              Tloc           #.....       41%         1    #......
 Summon Small Mammal      Summ           #...         41%         1    #......
 Regeneration             Chrm/Necr      #.........   43%         3    ###....


Dungeon Overview and Level Annotations

Branches:
Dungeon (7/15)             Temple (1/1) D:4

Altars:
Ashenzari
Cheibriados
Dithmenos
Elyvilon
Fedhas
Hepliaklqana
Kikubaaqudgha
Makhleb
Nemelex Xobeh
Okawaru
Qazlal
Ru
Sif Muna
Trog
Uskayaw
Vehumet
Wu Jian
Xom
Yredelemnul
Zin
The Shining One

Shops:
D:7 (

Annotations:
D:4 2 transporters, Freyura's ghost, amateur MiGl
D:7 1 runed translucent door, Crazy Yiuf; Pikel


Message History

You hit Prince Ribbit but do no damage. You barely miss Prince Ribbit.
Your spectral weapon barely misses Prince Ribbit.
Prince Ribbit hits you!
* * * LOW HITPOINT WARNING * * *
Pikel says, "I'm sure they'll be treated well, anyway."
Aim: Pikel, wielding a +2 whip of freezing and wearing a +0 robe (fast)
The bolt of acid hits Prince Ribbit!
Prince Ribbit is splashed with acid.
The acid corrodes Prince Ribbit!
You kill Prince Ribbit!
The bolt of acid misses Pikel.
You hit Pikel.
Your spectral weapon closely misses Pikel.
Pikel barely misses you.
A slave comes into view.
You barely miss Pikel.
Your spectral weapon closely misses Pikel.
Pikel hits you with a +2 whip of freezing.
* * * LOW HITPOINT WARNING * * *
Pikel freezes you.
* * * LOW HITPOINT WARNING * * *
You hit Pikel but do no damage.
Your spectral weapon hits Pikel from afar!
Pikel hits you with a +2 whip of freezing.
* * * LOW HITPOINT WARNING * * *
Pikel freezes you.
* * * LOW HITPOINT WARNING * * *
You swap places.
Pikel hits your spectral weapon with a +2 whip of freezing!
Your spectral weapon shares its damage with you!
Pikel freezes your spectral weapon.
* * * LOW HITPOINT WARNING * * *
Pikel hits your spectral weapon with a +2 whip of freezing!
Your spectral weapon shares its damage with you!
Pikel freezes your spectral weapon.
Your spectral weapon fades away.
* * * LOW HITPOINT WARNING * * *
Aim: Pikel, wielding a +2 whip of freezing and wearing a +0 robe (moderately wounded, fast)
The bolt of acid hits Pikel!
Pikel is splashed with acid!
The acid corrodes Pikel!
The bolt of acid hits the slave!
The slave is splashed with acid!
The acid corrodes the slave!
Aim: Pikel, wielding a +2 whip of freezing and wearing a +0 robe (almost dead, fast, covered in acid)
The bolt of acid misses Pikel.
The bolt of acid hits the slave!
The slave is splashed with acid!
The acid corrodes the slave!
You kill the slave!
That felt strangely unrewarding.
Pikel misses you.
Pikel hits you with a +2 whip of freezing!
* * * LOW HITPOINT WARNING * * *
Pikel freezes you.
You die...

*,*##p##### *,*
*,*#......# *,*
######.##p.###.#####.#
.....................#
......>##..###.#.###.#
....##.*#..###.#.# #.#
....#*,*#..#...#[# #.#
....#*,*#..#.###K###.#
....#***#..#.# #@#.#.#
##### #..#.# #.#.#.#
#########....# #.#.#.#
.............###.#.#.###
########..<....[.......#
.............#####.#.###
######.#.....#.<.....#
.............##.##.###
######......###.##.#


You could see Pikel.

Vanquished Creatures
  Harold (D:7)
  Prince Ribbit (D:7)
  4 slaves (D:7)
  2 ice beasts (D:6)
  A necrophage (D:5)
  4 orc warriors (Bailey)
  A centaur (D:6)
  A bullfrog (D:7)
  2 scorpions (D:4)
  4 crimson imps
  A bullfrog zombie (D:5)
  An orc priest (D:6)
  2 hounds
  2 centaur skeletons
  4 worker ants
  Natasha (thrice) (D:3)
  4 orc wizards
  2 hound skeletons
  6 adders
  10 gnolls
  An adder zombie (D:5)
  A worm (D:2)
  4 dart slugs
  8 leopard geckos
  24 orcs
  A ball python (D:3)
  7 giant cockroaches
  12 goblins
  9 hobgoblins
  11 jackals
  19 kobolds
  3 quokkas
  9 bats
  7 frilled lizards
  12 rats
184 creatures vanquished.

Vanquished Creatures (others)
  3 spectral weapons
3 creatures vanquished.

Grand Total: 187 creatures vanquished

Notes
Turn   | Place    | Note
-------+----------+-------------------------------------------
     0 | D:1      | Norn the Merfolk Skald began the quest for the Orb.
     0 | D:1      | Reached XP level 1. HP: 16/16 MP: 3/3
    77 | D:1      | Reached XP level 2. HP: 6/23 MP: 0/5
   626 | D:1      | Reached XP level 3. HP: 8/28 MP: 2/6
   975 | D:1      | Reached skill level 4 in Polearms
  1599 | D:2      | Reached XP level 4. HP: 30/34 MP: 0/7
  2329 | D:3      | Reached skill level 5 in Polearms
  2371 | D:3      | Reached XP level 5. HP: 35/41 MP: 4/8
  2479 | D:3      | Noticed Natasha
  2646 | D:2      | Learned a level 2 spell: Shroud of Golubria
  2650 | D:2      | Learned a level 3 spell: Spectral Weapon
  2653 | D:2      | Learned a level 2 spell: Song of Slaying
  2661 | D:3      | Killed Natasha
  2724 | D:3      | Found a snail-covered altar of Cheibriados.
  2724 | D:3      | Found a shadowy altar of Dithmenos.
  2724 | D:3      | Noticed Natasha
  2732 | D:3      | Killed Natasha
  2802 | D:3      | Found a shimmering altar of Xom.
  2802 | D:3      | Found an iron altar of Okawaru.
  2877 | D:3      | Noticed Natasha
  2909 | D:3      | Killed Natasha
  2909 | D:3      | Reached skill level 6 in Polearms
  2909 | D:3      | Reached XP level 6. HP: 39/47 MP: 0/9
  3271 | D:3      | Found a shadowy altar of Dithmenos.
  3664 | D:3      | Found a burning altar of Makhleb.
  3781 | D:4      | Noticed Freyura's ghost (amateur MiGl)
  3782 | D:4      | Found a transporter.
  3783 | D:4      | Found a transporter.
  3895 | D:4      | HP: 2/48 [poisoned by a scorpion]
  3903 | D:4      | HP: 1/48 [poisoned by a scorpion]
  4138 | D:4      | Reached skill level 7 in Polearms
  4499 | D:3      | Reached XP level 7. HP: 27/54 MP: 4/10
  4703 | D:4      | Found a staircase to the Ecumenical Temple.
  4738 | Temple   | Entered the Ecumenical Temple
  5146 | Temple   | Became a worshipper of Ashenzari the Shackled
  5561 | D:5      | Entered Level 5 of the Dungeon
  5596 | D:5      | Reached skill level 5 in Dodging
  5828 | D:5      | Found a white marble altar of Elyvilon.
  5942 | D:5      | Reached skill level 5 in Charms
  6893 | D:5      | Reached skill level 8 in Polearms
  6893 | D:5      | Reached skill level 1 in Hexes
  7193 | D:6      | Reached skill level 13 in Polearms
  7193 | D:6      | Reached skill level 5 in Hexes
  7193 | D:6      | Reached XP level 8. HP: 66/66 MP: 11/11
  7420 | D:6      | Reached XP level 9. HP: 63/71 MP: 8/12
  8079 | D:7      | Found Qoixog's Antique Weapon Boutique.
  8125 | D:7      | Reached * piety under Ashenzari
  8131 | D:7      | Found a flagged portal.
  8152 | Bailey   | Entered a bailey
  8274 | Bailey   | Got the spear of the End {pierce, Int+4}
  8694 | Bailey   | Found a bloodstained altar of Trog.
  8701 | Bailey   | Got the cursed war axe "Sexzeh" {freeze, +Rage MP+9 Str+2}
  8823 | D:7      | Found a blossoming altar of Fedhas.
  8957 | D:7      | Noticed Harold
  8976 | D:7      | Killed Harold
  8976 | D:7      | Reached skill level 14 in Polearms
  9149 | D:7      | Reached XP level 10. HP: 74/79 MP: 9/13
  9244 | D:7      | Bought a runed demon trident for 396 gold pieces
  9329 | D:7      | Found a runed translucent door.
  9330 | D:7      | Noticed Crazy Yiuf
  9424 | D:7      | Noticed Prince Ribbit
  9450 | D:7      | Noticed Pikel
  9457 | D:7      | Killed Prince Ribbit
  9463 | D:7      | HP: 2/79 [Pikel/+2 whip of freezing (8)]
  9463 | D:7      | Slain by Pikel

Skill      XL: |  1  2  3  4  5  6  7  8  9 |
---------------+----------------------------+-----
Dodging        | 3 4 9 |  9.9
Polearms       | 4 5 6 7 13 14 | 14.1
Fighting       | 3 4 7 8 |  8.3
Charms         | 4 5 |  5.0
Hexes          | 5 6 |  6.2
Armour         | |  0.6
Spellcasting   | |  2.0
Evocations     | |  0.8

Action                   |  1- 3 |  4- 6 |  7- 9 | 10-12 || total
-------------------------+-------+-------+-------+-------++-------
Melee: Spear             |   162 |   236 |   205 |       ||   603
       Trident           |       |       |   152 |       ||   152
       Tailslap          |       |       |     1 |       ||     1
       Demon trident     |       |       |       |    24 ||    24
 Cast: Infusion          |    22 |    22 |    17 |       ||    61
       Shroud of Golubri |       |     9 |     4 |       ||    13
       Spectral Weapon   |       |       |    19 |     2 ||    21
Evoke: Wand              |       |     1 |       |     3 ||     4
  Use: Scroll            |       |     4 |    12 |       ||    16
       Potion            |       |       |     1 |       ||     1
 Stab: Sleeping          |     1 |     1 |     2 |       ||     4
       Distracted        |       |       |     1 |       ||     1
  Eat: Chunk             |     3 |    10 |    15 |       ||    28
       Ration            |       |       |     1 |     2 ||     3
Armor: Leather armour    |    19 |    30 |    28 |     1 ||    78
Dodge: Dodged            |    82 |   104 |   124 |     6 ||   316
Block: Buckler           |    10 |    15 |    36 |     1 ||    62
